 Dungeon Crawl Stone Soup version 0.21-a0-507-ga8f6b7a (webtiles) character file.

1619 slep the Spear-Bearer (level 8, -5/68 HPs)
             Began as a Minotaur Gladiator on Nov 28, 2017.
             Killed by divine providence
             ... invoked by an orc priest
              (11 damage)
             ... on level 6 of the Dungeon.
             The game lasted 00:17:11 (4042 turns).

slep the Spear-Bearer (Minotaur Gladiator)          Turns: 4042, Time: 00:17:12

Health: -5/68      AC:  8    Str: 19    XL:     8   Next: 64%
Magic:  7/7        EV: 15    Int:  8    God:
Gold:   218        SH:  0    Dex: 14    Spells: 7/7 levels left

rFire    + . .     SeeInvis .   a - +0 trident
rCold    . . .     Gourm    .   (no shield)
rNeg     + . .     Faith    .   E - +2 steam dragon scales of Resilience {-Cast rF+ Int+3}
rPois    .         Spirit   .   c - +0 hat
rElec    .         Reflect  .   (no cloak)
rCorr    .         Harm     .   (no gloves)
MR       +....     NoCast   +   (no boots)
Stlth    ++........             G - amulet of inaccuracy (curse)
HPRegen  0.21/turn              p - ring of positive energy
MPRegen  0.10/turn              D - ring of protection from magic

@: hasted, very quick
A: retaliatory headbutt, horns 2
a: no special abilities


You were on level 6 of the Dungeon.
You were not hungry.

You visited 1 branch of the dungeon, and saw 6 of its levels.

You collected 218 gold pieces.

Inventory:

Hand Weapons
 a - a +0 trident (weapon)
Missiles
 d - a throwing net (quivered)
Armour
 b - a +0 leather armour
 c - a +0 hat (worn)
 j - a +0 ring mail
 E - the +2 steam dragon scales of Resilience (worn) {-Cast rF+ Int+3}
   (You found it on level 5 of the Dungeon)

   It affects your intelligence (+3).
   It protects you from fire.
   It prevents spellcasting.
 K - a +2 plate armour of fire resistance
Jewellery
 p - a ring of positive energy (left hand)
 D - a ring of protection from magic (right hand)
 G - a cursed amulet of inaccuracy (around neck)
 I - a cursed ring of teleportation {unknown}
Wands
 r - a wand of random effects (46)
 A - a wand of flame (17)
Scrolls
 e - 3 scrolls of fear {unknown}
 h - a scroll of noise {unknown}
 i - 3 scrolls of teleportation {unknown}
 m - 4 scrolls of magic mapping {unknown}
 n - 2 scrolls of enchant armour {unknown}
 o - 5 scrolls of remove curse {unknown}
 q - 2 scrolls of blinking {unknown}
 u - 2 scrolls of amnesia {unknown}
 v - 2 scrolls of immolation {unknown}
 y - 3 scrolls of identify {unknown}
 B - 5 scrolls of enchant weapon {unknown}
Potions
 k - a potion of haste
 l - 5 potions of heal wounds {unknown}
 s - a potion of agility {unknown}
 t - 2 potions of curing {unknown}
 w - a potion of mutation {unknown}
 x - a potion of degeneration {unknown}
 C - a potion of flight {unknown}
 F - 2 potions of might {unknown}
 H - a potion of lignification {unknown}
 L - a potion of invisibility {unknown}
Comestibles
 f - 4 bread rations
 g - a royal jelly
 z - a meat ration


   Skills:
 + Level 5.2 Fighting
 + Level 9.8 Polearms
 + Level 2.4 Throwing
 + Level 5.7 Armour
 + Level 5.2 Dodging
 + Level 1.7 Stealth
 + Level 0.3 Evocations


You had 7 spell levels left.
You didn't know any spells.

Dungeon Overview and Level Annotations

Branches:
Dungeon (6/15)
 Temple: D:4-7

Altars:
Cheibriados
Dithmenos
Fedhas
Gozag
Nemelex Xobeh
Sif Muna
Wu Jian
Xom
The Shining One


Innate Abilities, Weirdness & Mutations

You reflexively headbutt those who attack you in melee.
You have a pair of horns on your head.


Message History

The iron imp is lightly wounded.
The orc priest invokes the aid of Beogh against you.
Beogh smites you!
You barely miss the iron imp.
The iron imp is lightly wounded.
The iron imp closely misses you.
The orc priest mumbles some strange prayers to Beogh against you.
Beogh smites you! The worker ant bites you.
You barely miss the worker ant. The worker ant completely misses you.
The orc priest invokes the aid of Beogh against you.
Beogh smites you!
* * * LOW HITPOINT WARNING * * *
The orc priest mumbles some strange prayers to Beogh against you.
Beogh smites you!
* * * LOW HITPOINT WARNING * * *
It was a potion of haste.
You feel yourself speed up. The worker ant barely misses you.
The orc priest mumbles some strange prayers to Beogh against you.
Beogh smites you!
You die...

#..... .. #..... .#
#.....#### ##.#
.........# #..#
.........####.#
..._......##..#
.......o.o#...#########.
.......o.5a@............
#.....#####...#.#######.
#.... ##.##.# #...
####.# #.. #.# ## #.#
#.######## #.#
#.##.....# #.#
##.##.###.# #.#


You could see an orc warrior, a worker ant, an iron imp and 2 orc priests.

Vanquished Creatures
  Pikel (D:4)
  An ice beast (D:5)
  4 slaves (D:4)
  5 ogres
  A phantom (D:4)
  2 scorpions
  2 howler monkeys
  2 crimson imps (D:5)
  A jelly (D:5)
  3 orc wizards (D:3)
  Ijyb (D:4)
  2 worker ants (D:5)
  Robin (D:4)
  2 howler monkey skeletons (D:5)
  5 adders
  A shadow imp (D:5)
  6 worms
  2 dart slugs
  3 leopard geckos
  8 orcs
  4 giant cockroaches
  14 goblins
  8 hobgoblins
  2 jackals (D:3)
  A quokka (D:5)
  3 ball pythons
  4 bats
  7 frilled lizards
  A jackal skeleton (D:4)
  6 kobolds
  A quokka skeleton (D:5)
  13 rats
117 creatures vanquished.

Vanquished Creatures (others)
  5 toadstools (D:1)
5 creatures vanquished.

Grand Total: 122 creatures vanquished

Notes
Turn   | Place    | Note
-------+----------+-------------------------------------------
     0 | D:1      | slep the Minotaur Gladiator began the quest for the Orb.
     0 | D:1      | Reached XP level 1. HP: 18/18 MP: 0/0
   123 | D:1      | Reached skill level 4 in Polearms
   123 | D:1      | Reached XP level 2. HP: 21/25 MP: 1/1
   811 | D:2      | Reached XP level 3. HP: 24/30 MP: 2/2
   886 | D:2      | Found a shimmering altar of Xom.
  1127 | D:2      | Found an ornate altar of the Wu Jian Council.
  1169 | D:2      | Reached skill level 1 in Armour
  1433 | D:2      | Found a blossoming altar of Fedhas.
  1620 | D:3      | Found a deep blue altar of Sif Muna.
  1702 | D:3      | Reached XP level 4. HP: 33/37 MP: 3/3
  1848 | D:3      | Reached skill level 5 in Polearms
  1906 | D:3      | Reached XP level 5. HP: 42/44 MP: 4/4
  2062 | D:4      | Noticed Ijyb
  2082 | D:4      | Killed Ijyb
  2141 | D:4      | Noticed a phantom
  2153 | D:4      | Killed a phantom
  2153 | D:4      | Reached skill level 6 in Polearms
  2153 | D:4      | Reached XP level 6. HP: 16/50 MP: 5/5
  2295 | D:4      | Reached skill level 5 in Armour
  2295 | D:4      | Reached XP level 7. HP: 37/57 MP: 6/6
  2300 | D:4      | Reached skill level 7 in Polearms
  2326 | D:4      | Noticed Pikel
  2347 | D:5      | Entered Level 5 of the Dungeon
  2649 | D:5      | Got faintly humming steam dragon scales
  2667 | D:5      | Identified the +2 steam dragon scales of Resilience {-Cast rF+ Int+3} (You found it on level 5 of the Dungeon)
  2860 | D:5      | Reached skill level 8 in Polearms
  2881 | D:5      | Reached skill level 1 in Stealth
  2988 | D:5      | Found an opulent altar of Gozag.
  3012 | D:5      | Found a shadowy altar of Dithmenos.
  3216 | D:5      | Found a sparkling altar of Nemelex Xobeh.
  3339 | D:6      | Reached XP level 8. HP: 53/66 MP: 7/7
  3549 | D:4      | Killed Pikel
  3549 | D:4      | Reached skill level 5 in Fighting
  3549 | D:4      | Reached skill level 9 in Polearms
  3549 | D:4      | Reached skill level 5 in Dodging
  3579 | D:4      | Noticed Robin
  3587 | D:4      | Killed Robin
  3783 | D:4      | Found a glowing golden altar of the Shining One.
  4031 | D:6      | Found a snail-covered altar of Cheibriados.
  4042 | D:6      | Killed from afar by an orc priest

Vault maps used:
D:1:      ldierk_walled_garden
D:2:      xom_butterflies, lemuel_coloured_pillars_altar,
          overflow_temple_1_default, serial_park_tiny_pond
D:3:      lemuel_blue_sif_altar
D:4:      lemuel_doored_altar, first_bread, uniq_ijyb, uniq_robin, uniq_pikel
D:5:      nemelex_xobeh_ov_fountains_minmay, grunt_gozag_breadcrumbs,
          basic_altar, minmay_checkerbox
D:6:      slow_altar_1, minmay_temple_entry_poolview

Skill      XL: |  1  2  3  4  5  6  7  8 |
---------------+-------------------------+-----
Polearms       | 4 5 6 8 9 |  9.8
Armour         | 1 4 5 |  5.7
Dodging        | 4 5 |  5.2
Fighting       | 3 4 5 |  5.2
Stealth        | 1 |  1.7
Throwing       | |  2.4
Evocations     | |  0.3

Action                   |  1- 3 |  4- 6 |  7- 9 || total
-------------------------+-------+-------+-------++-------
Melee: Trident           |   112 |    84 |   178 ||   374
       Headbutt          |    15 |    13 |    32 ||    60
Throw: Throwing net      |       |     3 |     1 ||     4
Evoke: Wand              |       |     3 |       ||     3
  Use: Potion            |       |       |     1 ||     1
 Stab: Held in net/web   |       |     1 |     1 ||     2
       Sleeping          |       |       |     1 ||     1
  Eat: Chunk             |     3 |     1 |     6 ||    10
Armor: Leather armour    |     7 |       |       ||     7
       Ring mail         |    15 |    18 |    12 ||    45
       Steam dragon scal |       |       |    26 ||    26
Dodge: Dodged            |    62 |    41 |    79 ||   182

Table legend:
 A = Spawn XP
 B = Non-spawn XP
 C = Spawn XP percentage of total XP
 D = Spawn monster count
 E = Non-spawn monster count
 F = Spawn count percentage of total count
 G = Total turns spent on level
                    A         B        C        D         E        F      G
               +---------+---------+-------+---------+---------+-------+---------
         Total |       0 |    2313 |   0.0 |       0 |     113 |   0.0 |  4042
               +---------+---------+-------+---------+---------+-------+---------
           D:1 |       0 |      35 |   0.0 |       0 |      24 |   0.0 |   696
           D:2 |       0 |      47 |   0.0 |       0 |      17 |   0.0 |   825
           D:3 |       0 |     203 |   0.0 |       0 |      28 |   0.0 |   541
           D:4 |       0 |    1389 |   0.0 |       0 |      23 |   0.0 |   707
           D:5 |       0 |     569 |   0.0 |       0 |      20 |   0.0 |  1016
           D:6 |       0 |      70 |   0.0 |       0 |       1 |   0.0 |   257
               +---------+---------+-------+---------+---------+-------+---------
